Map: Thunderbird LE

Players

EXTRA - Winner!

  • Race: Zerg Zerg
  • League: Platinum
  • Spawn Location: 11:00

pHARM

  • Race: Zerg Zerg
  • League: Platinum
  • Spawn Location: 5:00

VOD

Have the link to the VOD?

Description

Time

  • Played on: July 20, 2019, 1:11 p.m.
  • Length: 15:40
Show
View Real Time Build Order
Export as new Build Order

EXTRA Zerg - Winner!

Build Orders: Hatch First 

Get SALT Encoding   

  12  0:00  Drone  
  13  0:09  Drone  
  14  0:17  Overlord  
  14  0:35  Drone x3  
  17  0:52  Hatchery  
  16  0:58  Drone  
  17  1:09  Spawning Pool  
  16  1:13  Drone  
  16  1:16  Drone  
  18  1:22  Overlord  
  18  1:29  Drone  
  19  1:39  Drone  
  20  1:58  Queen  
  20  2:00  Hatchery  
  21  2:13  Queen  
  21  2:14  Drone  
  21  2:15  Drone x2  
  26  2:23  Zergling x2  
  26  2:25  Spine Crawler  
  26  2:27  Zergling x2  
  27  2:38  Drone x4  
  31  2:58  Spine Crawler  
  30  3:02  Overlord  
  30  3:07  Extractor  
  30  3:08  Drone x5  
  30  3:09  Drone  
  34  3:13  Queen  
  34  3:17  Drone x3  
  39  3:24  Queen  
  41  3:46  Drone x4  
  41  3:47  Drone  
  46  3:49  Extractor  
  46  3:51  Drone x3  
  46  3:52  Extractor  
  47  4:08  Evolution Chamber  
  46  4:18  Drone x3  
  46  4:19  Overlord x4  
  46  4:23  Lair  
  49  4:35  Drone, Extractor  
  49  4:46  Evolution Chamber  
  49  4:48  Spine Crawler  
  47  4:58  Zerg Missile Weapons Level 1  
  47  5:00  Roach Warren  
  47  5:03  Drone x18  
  47  5:07  Drone  
  65  5:24  Extractor  
  65  5:25  Drone x6  
  70  5:29  Extractor  
  69  5:42  Glial Reconstitution  
  69  5:46  Zerg Ground Armor Level 1  
  69  5:47  Roach x2  
  69  5:48  Overlord  
  69  5:49  Overlord x5  
  73  6:03  Infestation Pit, Drone  
  73  6:07  Overlord x3  
  73  6:09  Roach  
  73  6:10  Roach x5  
  85  6:32  Roach  
  93  6:33  Nydus Network, Roach x8  
  102  6:40  Roach  
  102  6:41  Roach x4  
  112  7:02  Overseer  
  112  7:10  Roach  
  112  7:11  Roach x10  
  134  7:22  Hive  
  134  7:24  Zerg Missile Weapons Level 2  
  134  7:25  Hydralisk Den  
  134  7:28  Drone x2  
  135  7:54  Roach x5  
  135  7:55  Overlord  
  135  7:56  Overlord x8  
  145  8:21  Nydus Canal  
  118  9:03  Roach  
  118  9:04  Roach x19  
  48  10:07  Drone x4  
  48  10:08  Drone x5  
  57  10:21  Roach  
  57  10:22  Roach x2  
  57  10:26  Overseer x2  
  63  10:41  Roach  
  63  10:42  Roach x9  
  83  10:46  Queen  
  85  10:51  Grooved Spines  
  85  11:15  Drone  
  85  11:16  Drone x2  
  88  11:30  Ravager x6  
  88  11:31  Ravager, Roach  
  88  11:32  Roach x12  
  121  11:38  Drone x6  
  125  11:59  Roach  
  125  12:00  Roach x6  
  95  12:08  Roach x7  
  95  12:13  Roach x10  
  98  12:24  Ravager x3  
  98  12:25  Ravager x4  
  90  12:46  Roach x15  
  110  13:23  Ravager x2  
  110  13:24  Ravager x5  
  110  13:25  Roach  
  110  13:26  Roach x12  
  143  13:39  Nydus Canal  
  143  13:43  Roach  
  143  13:44  Roach x5  
  155  14:11  Roach  
  155  14:12  Roach x12  
  105  14:48  Roach x3  
  105  14:49  Roach x4  
Show
View Real Time Build Order
Export as new Build Order

pHARM Zerg 

Build Orders: Hatch First, Lurkers 

Get SALT Encoding   

  12  0:01  Drone  
  13  0:08  Drone  
  14  0:16  Overlord  
  14  0:35  Drone x2  
  16  0:50  Hatchery  
  15  0:58  Drone x2  
  15  0:59  Drone  
  18  1:13  Extractor  
  17  1:20  Spawning Pool  
  17  1:21  Drone x2  
  18  1:39  Drone  
  19  1:44  Drone  
  20  1:51  Overlord  
  20  2:09  Drone x2  
  20  2:13  Zergling x2  
  20  2:14  Queen x2  
  27  2:16  Zergling x2  
  28  2:36  Drone x4  
  32  2:50  Overlord  
  32  2:58  Baneling Nest  
  32  2:59  Drone  
  32  3:00  Drone x2  
  33  3:15  Drone x2  
  33  3:18  Metabolic Boost  
  35  3:40  Evolution Chamber  
  34  3:46  Drone x8, Roach Warren  
  41  3:54  Overlord  
  41  4:06  Zerg Melee Weapons Level 1  
  42  4:11  Evolution Chamber  
  41  4:20  Drone x7  
  48  4:27  Overlord x2, Hatchery  
  48  4:31  Extractor  
  46  4:33  Queen, Extractor  
  46  4:34  Queen, Extractor  
  48  5:02  Drone x6  
  48  5:04  Zerg Ground Armor Level 1  
  54  5:28  Lair  
  54  5:30  Hatchery  
  53  5:53  Pneumatized Carapace  
  53  6:03  Zergling x24  
  65  6:45  Zergling x2  
  65  6:46  Zergling x26  
  79  6:48  Zerg Melee Weapons Level 2  
  79  7:00  Hydralisk Den  
  78  7:09  Zergling x2  
  79  7:48  Lurker Den  
  79  7:49  Overlord x3  
  79  7:50  Overlord x4  
  66  8:49  Hydralisk x5  
  66  8:50  Hydralisk x19  
  116  9:02  Zergling x8  
  100  9:17  Lurker x5  
  75  9:44  Hydralisk x8  
  69  10:06  Queen x3  
  75  10:13  Lurker  
  75  10:14  Lurker x3  
  79  10:28  Overseer x2  
  79  10:39  Hatchery  
  78  11:21  Hydralisk x3  
  78  11:22  Hydralisk x9  
  102  11:58  Hydralisk x7  
  96  12:17  Lurker x2  
  76  12:45  Hydralisk  
  76  12:46  Hydralisk x5  
  88  13:03  Lurker  
  88  13:04  Zergling x2  
  88  13:05  Zergling x18  
  76  13:33  Zergling x20  
  86  13:44  Lurker x5  
  86  13:46  Lurker  
  56  14:58  Drone x4  
  56  14:59  Drone x4  
Tags
 
Composition
Lurkers
Matchup
ZvZ
Race
Zerg
Replay Pack
10.7.19
Spawn Locations
Cross Positions
Add a new tag
Caveats
  • Supply blocks, unpowered buildings, or Contaminate may cause inaccurate times.
  • Supply counts are checked every 10 seconds.